 Dungeon Crawl Stone Soup version 0.27-a0-585-g945025970d (webtiles) character file.

Game seed: 16165637926732334027

114009 KennyOmg the Severer (level 16, -7/234 HPs)
             Began as a Minotaur Berserker on Mar 8, 2021.
             Was the Champion of Trog.
             Mangled by an 11-headed hydra (11 damage)
             ... on level 6 of the Lair of Beasts on Mar 10, 2021.
             The game lasted 00:48:28 (26309 turns).

KennyOmg the Severer (Minotaur Berserker)          Turns: 26309, Time: 00:48:29

Health: -7/234     AC: 10    Str: 34    XL:     16   Next: 15%
Magic:  15/15      EV:  6    Int:  5    God:    Trog [******]
Gold:   1348       SH: 28    Dex: 13    Spells: 15/15 levels left

rFire    . . .     SeeInvis .   W - +9 broad axe (protect)
rCold    + . .     Faith    .   C - +0 tower shield
rNeg     . . .     Spirit   .   R - +11 crystal plate armour
rPois    +         Reflect  +   (helmet restricted)
rElec    .         Harm     .   p - scarf {repulsion}
rCorr    .         Rampage  +   z - +0 pair of gloves "Isoarius" {Rampage Will- Regen+ Str+6}
Will     .....                  a - +0 pair of boots "Bijamid" {rC+ Dex+3 Stlth-}
Stlth    ..........             V - amulet of reflection
HPRegen  1.49/turn              T - +4 ring of slaying
MPRegen  0.14/turn              G - ring of poison resistance

@: berserking, corroded, protection aura, studying Shields, repel missiles, very
quick
A: horns 2, retaliatory headbutt
a: Renounce Religion, Berserk, Trog's Hand, Brothers in Arms


You were on level 6 of the Lair of Beasts.
You worshipped Trog.
Trog was exalted by your worship.
You visited 2 branches of the dungeon, and saw 21 of its levels.
You visited the Abyss 1 time.
You also visited: Bailey, Gauntlet and Ice Cave.

You collected 1542 gold pieces.
You spent 194 gold pieces at shops.

Inventory:

Hand Weapons
 b - a +1 vampiric hand axe {!w}
   (You took it off Blork the orc on level 5 of the Dungeon)
 P - a +1 whip of distortion {!w}
   (You found it in a bailey)
 W - a +9 broad axe of protection (weapon)
   (Trog gifted it to you in an ice cave)
Missiles
 g - 2 throwing nets {!f}
 L - a curare-tipped dart {!f}
 M - 38 poisoned darts
 N - 9 atropa-tipped darts
Armour
 a - the +0 pair of boots "Bijamid" (worn) {rC+ Dex+3 Stlth-}
   (You found it in an ice cave)

   It affects your dexterity (+3).
   It protects you from cold.
   It makes you less stealthy.
 p - a scarf of repulsion (worn)
   (You found it on level 3 of the Dungeon)
 z - the +0 pair of gloves "Isoarius" (worn) {Rampage Will- Regen+ Str+6}
   (You found it on level 15 of the Dungeon)

   It affects your strength (+6).
   It affects your willpower, your defense against some magical effects.
   It increases your rate of regeneration.
   It bestows one free step when moving towards enemies.
 C - a +0 tower shield (worn)
   (You took it off Louise on level 15 of the Dungeon)
 R - a +11 crystal plate armour (worn)
   (You took it off an orc warrior in a bailey)
Jewellery
 n - a ring of flight
   (You found it on level 5 of the Dungeon)
 o - a ring of protection from cold
   (You found it in an ice cave)
 G - a ring of poison resistance (right hand)
   (You found it on level 6 of the Dungeon)
 S - a ring of resist corrosion
   (You found it on level 11 of the Dungeon)
 T - a +4 ring of slaying (left hand)
   (You found it on level 11 of the Dungeon)
 V - an amulet of reflection (around neck)
   (You found it on level 2 of the Lair of Beasts)
 Y - a +4 ring of slaying
   (You found it in a Gauntlet)
Wands
 d - a wand of iceblast (14)
   (You found it on level 9 of the Dungeon)
 t - a wand of flame (70)
   (You found it on level 9 of the Dungeon)
 v - a wand of digging (14)
   (You took it off an orc on level 5 of the Dungeon)
 x - a wand of acid (38)
   (You found it in a Gauntlet)
 F - a wand of mindburst (43)
   (You found it on level 8 of the Dungeon)
 H - a wand of charming (24)
   (You found it on level 9 of the Dungeon)
Scrolls
 c - 3 scrolls of magic mapping
 e - a scroll of silence
 f - 7 scrolls of teleportation {@r4}
 j - 2 scrolls of fear
 k - 3 scrolls of blinking
 r - a scroll of holy word
 u - 3 scrolls of summoning
 y - a scroll of enchant weapon
 B - 3 scrolls of immolation {!r}
 D - a scroll of vulnerability {!r}
 I - 8 scrolls of identify {@r1}
 J - 2 scrolls of fog
Potions
 h - 5 potions of resistance
 m - a potion of might
 q - 2 potions of haste {@q3}
 s - 4 potions of flight
 w - 7 potions of curing {@q1}
 A - 3 potions of cancellation
 E - 2 potions of invisibility
 K - a potion of magic
 O - 3 potions of lignification {!q}
 U - 2 potions of heal wounds {@q2}
 Z - a potion of mutation {!q}


   Skills:
 - Level 17.6 Fighting
 - Level 18.0 Axes
 - Level 17.4 Armour
 - Level 2.1 Dodging
 + Level 15.4 Shields


You had 15 spell levels left.
You didn't know any spells.
Your spell library was empty.

Dungeon Overview and Level Annotations

Branches:
Dungeon (15/15)            Temple (0/1) D:4            Lair (6/6) D:11
  Swamp (0/4) Lair:2       Spider (0/4) Lair:2          Orc (0/2) D:10
 Vaults (0/5) D:14         Depths (0/5) D:15         Bailey (visited)
  IceCv (visited)         Gauntlet (visited)
  Slime: Lair:5-6

Altars:
Ashenzari
Cheibriados
Dithmenos
Elyvilon
Fedhas
Hepliaklqana
Makhleb
Nemelex Xobeh
Sif Muna
Trog
Wu Jian
Xom
The Shining One

Shops:
D:5 *   D:15 ?

Annotations:
D:6 1 runed translucent door, 2 transporters, MiFiHotspot's ghost, novice MiFi
Lair:3 2 transporters, hemabe71's ghost, journeyman HuAr


Innate Abilities, Weirdness & Mutations

You have a pair of horns on your head.
You reflexively headbutt those who attack you in melee.


Message History

* * * LOW HITPOINT WARNING * * *
The seven-headed hydra bites you but does no damage.
The seven-headed hydra bites you!
* * * LOW HITPOINT WARNING * * *
You block the seven-headed hydra's attack.
You hack one of the seven-headed hydra's heads off!
The six-headed hydra grows two more!
You slice the eight-headed hydra!! You headbutt the eight-headed hydra!
You hit the soldier ant but do no damage.
You block the soldier ant's attack.
You lop one of the eight-headed hydra's heads off!
The seven-headed hydra grows two more!
You slice the nine-headed hydra!!
Your headbutt misses the nine-headed hydra.
You barely miss the soldier ant.
You block the nine-headed hydra's attack.
The nine-headed hydra barely misses you.
The nine-headed hydra bites you.
* * * LOW HITPOINT WARNING * * *
The nine-headed hydra bites you.
* * * LOW HITPOINT WARNING * * *
You block the nine-headed hydra's attack.
The nine-headed hydra bites you.
* * * LOW HITPOINT WARNING * * *
The nine-headed hydra bites you but does no damage.
The nine-headed hydra bites you!
* * * LOW HITPOINT WARNING * * *
The nine-headed hydra bites you!
* * * LOW HITPOINT WARNING * * *
You hack one of the nine-headed hydra's heads off!
The eight-headed hydra grows two more!
You slash the ten-headed hydra! You headbutt the ten-headed hydra.
You slice the soldier ant!!
You kill the soldier ant!
Trog accepts your kill.
You chop one of the ten-headed hydra's heads off!
The nine-headed hydra grows two more!
You hit the 11-headed hydra. The 11-headed hydra bites you.
* * * LOW HITPOINT WARNING * * *
You block the 11-headed hydra's attack. x2; The 11-headed hydra bites you.
* * * LOW HITPOINT WARNING * * *
The 11-headed hydra bites you but does no damage.
The 11-headed hydra bites you!
* * * LOW HITPOINT WARNING * * *
You block the 11-headed hydra's attack. The 11-headed hydra bites you.
* * * LOW HITPOINT WARNING * * *
The 11-headed hydra bites you.
* * * LOW HITPOINT WARNING * * *
The 11-headed hydra bites you.
* * * LOW HITPOINT WARNING * * *
The 11-headed hydra bites you!
You die...

......#########.###
...)..##.#.....#..
#................. ###
#.P............. ###..#
##...............
....BB##....†...........
#..BBBB##...............
#..BBBD##...............
#@#...............
#†#†..............
##†...............
#.....#..........
.......$..##.P......#
PP.P.....## P..#..
##.#.##.## ...# #### ###
.#


You could see a 11-headed hydra, an entropy weaver, 3 soldier ants and 5 worker
ants.

Vanquished Creatures
  2 tentacled starspawn (Abyss:2)
  Kirke (D:15)
  Agnes (D:14)
  2 frost giants
  Louise (D:15)
  The ghost of Qungiab the Protected, a journeyman DsVM of Ashenzari (Lair:4)
  A minotaur (Gauntlet)
  A fire dragon (D:15)
  Fannar (D:10)
  An ice dragon (D:14)
  2 catoblepae
  12 hydras
  3 boulder beetles
  3 centaur warriors
  A queen ant (Lair:6)
  5 two-headed ogres
  15 death yaks
  A thrashing horror (Abyss:2)
  A wretched star (Abyss:2)
  A death drake (Gauntlet)
  8 skeletal warriors
  An unseen horror (shapeshifter) (D:14)
  3 unseen horrors
  A lindwurm (Lair:5)
  2 deep elf pyromancers (D:14)
  2 orc knights (D:15)
  2 wolf spiders
  15 ugly things
  4 elephants (Lair:3)
  2 cyclopes
  An ice statue (IceCv)
  2 black mambas
  2 orange demons (Abyss:2)
  A spectral centaur (Gauntlet)
  A smoke demon (Abyss:2)
  14 cane toads
  2 centaur zombies
  A torpor snail (Lair:5)
  3 gargoyles
  Maggie (D:6)
  12 komodo dragons
  2 yaktaurs
  3 kobold demonologists
  A rime drake (Lair:5)
  2 demonic crawlers (D:15)
  16 polar bears
  A troll (D:9)
  A jumping spider (Lair:2)
  Grinder (D:3)
  A hornet (D:10)
  25 blink frogs
  A raiju (Abyss:2)
  8 dream sheep
  A slime creature (shapeshifter) (D:14)
  A ynoxinul (Abyss:2)
  A centaur simulacrum (D:12)
  A meliai zombie (D:15)
  A redback (Lair:2)
  10 shadows
  34 yaks
  5 wyverns
  3 wraiths
  4 fire bats (Abyss:2)
  5 hogs (D:15)
  2 vampire mosquitoes (D:15)
  3 basilisks
  2 steam dragons
  A large abomination (Abyss:2)
  4 wargs (D:10)
  Edmund (D:6)
  21 soldier ants
  Duvessa (D:4)
  16 water moccasins
  A sky beast (D:6)
  21 orc warriors
  16 ice beasts
  A meliai simulacrum (D:14)
  2 black bears
  A necrophage (D:11)
  6 ogres
  16 centaurs
  2 eyes of draining (D:12)
  35 wolves
  2 phantoms
  Blork the orc (D:5)
  4 kobold brigands
  29 bullfrogs
  A gnoll sergeant (D:2)
  3 small abominations (Abyss:2)
  Dowan (D:4)
  A water moccasin zombie (D:8)
  4 jellies
  3 scorpions
  26 killer bees
  3 wights (D:11)
  2 howler monkeys
  A bullfrog zombie (D:7)
  4 hounds
  3 centaur skeletons
  Crazy Yiuf (D:5)
  12 orc priests
  2 bullfrog skeletons
  Terence (D:2)
  7 hell rats (Lair:5)
  6 iguanas
  Ijyb (D:3)
  15 orc wizards
  11 worker ants
  A hound skeleton (D:4)
  A howler monkey skeleton (D:9)
  2 worker ant zombies
  7 gnolls
  16 adders
  3 shadow imps
  A white imp (D:6)
  An ufetubus (D:9)
  3 adder skeletons
  4 worms
  8 leopard geckos
  84 orcs
  3 giant cockroaches
  6 goblins
  7 hobgoblins
  8 jackals
  28 kobolds
  4 quokkas
  A ball python (D:4)
  6 bats
  8 frilled lizards
  3 goblin skeletons (D:6)
  A goblin zombie (D:6)
  2 hobgoblin zombies (D:6)
  2 orc zombies (D:6)
  A quokka skeleton (D:8)
  A quokka zombie (D:5)
  10 rats
  A starspawn tentacle (Abyss:2)
783 creatures vanquished.

Vanquished Creatures (collateral kills)
  A two-headed ogre (D:9)
  2 spectral wolf spiders (Gauntlet)
  A spectral centaur (Gauntlet)
  A freezing wraith (Abyss:2)
  A phantom (D:9)
  An electric eel (D:11)
  An orc (D:11)
  A kobold (D:10)
9 creatures vanquished.

Vanquished Creatures (others)
  An orc (D:11)
  30 fungi
  25 plants
  3 starspawn tentacles (Abyss:2)
59 creatures vanquished.

Grand Total: 851 creatures vanquished

Notes
Turn   | Place    | Note
-------+----------+-------------------------------------------
     0 | D:1      | KennyOmg the Minotaur Berserker began the quest for the
                  | Orb.
     0 | D:1      | Reached XP level 1. HP: 19/19 MP: 0/0
    64 | D:1      | Reached skill level 4 in Axes
    92 | D:1      | Reached XP level 2. HP: 18/27 MP: 1/1
   578 | D:2      | Noticed a gnoll sergeant
   586 | D:2      | Killed a gnoll sergeant
   586 | D:2      | Reached ** piety under Trog
   587 | D:2      | Reached skill level 5 in Axes
   587 | D:2      | Reached XP level 3. HP: 34/34 MP: 2/2
   587 | D:2      | Reached XP level 4. HP: 41/41 MP: 3/3
   898 | D:2      | Noticed Terence
   902 | D:2      | Killed Terence
   903 | D:2      | Reached XP level 5. HP: 47/47 MP: 4/4
  1198 | D:2      | Found an ornate altar of the Wu Jian Council.
  1359 | D:2      | Reached skill level 6 in Axes
  1753 | D:3      | Reached skill level 5 in Fighting
  1765 | D:3      | Reached *** piety under Trog
  1887 | D:3      | Noticed Grinder
  1891 | D:3      | Paralysed by Grinder for 5 turns
  1899 | D:3      | Paralysed by Grinder for 7 turns
  1911 | D:3      | Paralysed by Grinder for 4 turns
  1924 | D:3      | Paralysed by Grinder for 5 turns
  1932 | D:3      | Killed Grinder
  1933 | D:3      | Reached skill level 7 in Axes
  1933 | D:3      | Reached XP level 6. HP: 6/56 MP: 5/5
  2424 | D:3      | Noticed Ijyb
  2432 | D:3      | Killed Ijyb
  2827 | D:4      | Reached skill level 5 in Armour
  2827 | D:4      | Reached XP level 7. HP: 10/62 MP: 6/6
  3283 | D:4      | Found a hazy altar of Hepliaklqana.
  3285 | D:4      | Noticed Dowan
  3285 | D:4      | Noticed Duvessa
  3298 | D:4      | Killed Duvessa
  3299 | D:4      | Reached skill level 8 in Axes
  3315 | D:4      | Killed Dowan
  3917 | D:4      | Found a sparkling altar of Nemelex Xobeh.
  4065 | D:4      | Found a staircase to the Ecumenical Temple.
  4162 | D:5      | Entered Level 5 of the Dungeon
  4202 | D:5      | Reached XP level 8. HP: 67/71 MP: 7/7
  4273 | D:5      | Reached skill level 9 in Axes
  4655 | D:5      | Found Regetuev's Assorted Antiques.
  4819 | D:5      | Noticed Blork the orc
  4821 | D:5      | Reached **** piety under Trog
  4828 | D:5      | Killed Blork the orc
  4887 | D:5      | Found a runed translucent door.
  4888 | D:5      | Noticed Crazy Yiuf
  4993 | D:5      | Killed Crazy Yiuf
  5099 | D:6      | Found a runed translucent door.
  5099 | D:6      | Found a shimmering altar of Xom.
  5099 | D:6      | Noticed MiFiHotspot's ghost (novice MiFi)
  5099 | D:6      | Noticed a +3 long sword of chaos
  5561 | D:6      | Noticed Edmund
  5567 | D:6      | Reached skill level 10 in Axes
  5567 | D:6      | Upgraded the game from 0.27-a0-553-ge0ab5a2769 to
                  | 0.27-a0-577-ge2a43ba0c9
  5573 | D:6      | Killed Edmund
  5625 | D:6      | Found a transporter.
  5656 | D:6      | Found a transporter.
  5656 | D:6      | Noticed a harpy
  5681 | D:6      | Reached XP level 9. HP: 81/81 MP: 8/8
  5760 | D:6      | Found a broken altar of Ashenzari.
  5767 | D:6      | Noticed Maggie
  5778 | D:6      | Killed Maggie
  5779 | D:6      | Reached skill level 11 in Axes
  5913 | D:6      | Found a shimmering altar of Xom.
  5977 | D:6      | Found a glowing golden altar of the Shining One.
  6548 | D:7      | Found a burning altar of Makhleb.
  6783 | D:7      | Found a blossoming altar of Fedhas.
  6787 | D:7      | Reached ***** piety under Trog
  7254 | D:7      | Found a shadowy altar of Dithmenos.
  7596 | D:8      | Reached skill level 12 in Axes
  7831 | D:8      | Noticed a cyclops
  7862 | D:8      | Killed a cyclops
  7863 | D:8      | Reached XP level 10. HP: 75/91 MP: 9/9
  8371 | D:8      | Found a shimmering blue altar of Sif Muna.
  8554 | D:8      | Found a snail-covered altar of Cheibriados.
  8731 | D:9      | Noticed a two-headed ogre
  8737 | D:9      | Killed a two-headed ogre
  8748 | D:9      | Reached skill level 13 in Axes
  8965 | D:9      | Noticed a white ugly thing
  8974 | D:9      | Killed a white ugly thing
  8975 | D:9      | Reached skill level 10 in Fighting
  9235 | D:9      | Reached skill level 10 in Armour
  9573 | D:10     | Entered Level 10 of the Dungeon
  9873 | D:10     | Found a staircase to the Orcish Mines.
  9882 | D:10     | Reached skill level 14 in Axes
  9968 | D:10     | Killed an unseen horror
  9969 | D:10     | Reached XP level 11. HP: 96/101 MP: 10/10
 10083 | D:10     | Noticed Fannar
 10107 | D:10     | Killed Fannar
 10430 | D:10     | Found a white marble altar of Elyvilon.
 10795 | D:11     | Found a flagged portal.
 10814 | Bailey   | Entered a bailey
 11314 | Bailey   | Upgraded the game from 0.27-a0-577-ge2a43ba0c9 to
                  | 0.27-a0-585-g945025970d
 11362 | Bailey   | Reached skill level 15 in Axes
 11789 | D:11     | Noticed a two-headed ogre
 11801 | D:11     | Killed a two-headed ogre
 11953 | D:11     | Found a staircase to the Lair.
 12484 | D:12     | Noticed a catoblepas
 12502 | D:12     | Killed a catoblepas
 12596 | D:12     | Noticed a two-headed ogre
 12605 | D:12     | Killed a two-headed ogre
 12766 | D:12     | Reached skill level 16 in Axes
 12766 | D:12     | Reached XP level 12. HP: 99/112 MP: 11/11
 12964 | D:12     | Received a gift from Trog
 12983 | D:12     | Noticed a boulder beetle
 13016 | D:12     | Killed a boulder beetle
 13485 | D:12     | Noticed a two-headed ogre
 13492 | D:12     | Killed a two-headed ogre
 13795 | D:13     | Noticed a two-headed ogre
 13804 | D:13     | Killed a two-headed ogre
 13893 | D:13     | Noticed a five-headed hydra
 13893 | D:13     | Noticed a two-headed ogre
 13899 | D:13     | Killed a two-headed ogre
 14604 | D:13     | Noticed a catoblepas
 14644 | D:13     | Killed a catoblepas
 15368 | D:14     | Noticed a centaur warrior
 15379 | D:14     | Killed a centaur warrior
 15505 | D:14     | Found a gate leading to a gauntlet.
 15516 | Gauntlet | Entered a Gauntlet
 15516 | Gauntlet | Found a transporter.
 15545 | Gauntlet | Noticed a five-headed hydra
 15607 | Gauntlet | Found a runed translucent door.
 15608 | Gauntlet | Found a transporter.
 15608 | Gauntlet | Noticed a catoblepas
 15609 | Gauntlet | Found a runed translucent door.
 15620 | Gauntlet | Found a transporter.
 15624 | Gauntlet | Found a transporter.
 15642 | Gauntlet | Found a transporter.
 15644 | Gauntlet | Noticed a blizzard demon
 15655 | Gauntlet | Found a transporter.
 15668 | Gauntlet | Found a transporter.
 15685 | Gauntlet | Found a transporter.
 15689 | Gauntlet | Found a transporter.
 15697 | Gauntlet | Found a transporter.
 15731 | Gauntlet | Found a transporter.
 15731 | Gauntlet | Found a transporter.
 15855 | Gauntlet | Reached XP level 13. HP: 14/121 MP: 12/12
 16257 | Gauntlet | Noticed a minotaur
 16271 | Gauntlet | Killed a minotaur
 16443 | Gauntlet | Identified the Almanac of Flying Flames
 16580 | D:14     | Reached skill level 15 in Fighting
 16991 | D:14     | Reached skill level 15 in Armour
 17608 | D:14     | Found a gate to the Vaults.
 17831 | D:15     | Entered Level 15 of the Dungeon
 17846 | D:15     | Cast into level 2 of the Abyss (unwielding a weapon of
                  | distortion)
 17869 | Abyss:2  | Noticed a tentacled starspawn
 17892 | Abyss:2  | Killed a tentacled starspawn
 18012 | Abyss:2  | Noticed a tentacled starspawn
 18019 | Abyss:2  | Killed a tentacled starspawn
 18040 | Abyss:2  | Noticed a bone dragon
 18056 | Abyss:2  | Noticed a bone dragon
 18118 | Abyss:2  | Found a corrupted altar of Lugonu.
 18149 | D:15     | Escaped the Abyss
 18172 | D:15     | Reached XP level 14. HP: 82/138 MP: 13/13
 18686 | D:15     | Noticed Agnes
 18695 | D:15     | Noticed Kirke
 18722 | D:14     | Killed Agnes
 19077 | D:15     | Killed Kirke
 19104 | D:15     | Noticed a frost giant
 19659 | D:15     | Killed a frost giant
 19776 | D:15     | Noticed Louise
 19793 | D:15     | Killed Louise
 19829 | D:15     | Reached skill level 1 in Shields
 19853 | D:15     | Identified the +2 leather armour "Gemuforgh" {rF++ rN+
                  | Regen+ Dex-5 SInv}
 19951 | D:15     | Identified the +0 pair of gloves "Isoarius" {Rampage Will-
                  | Regen+ Str+6}
 20010 | D:15     | Found a staircase to the Depths.
 20486 | D:15     | Found Tior's Magic Scroll Shop.
 20494 | D:15     | Bought a scroll of enchant armour for 97 gold pieces
 20494 | D:15     | Bought a scroll of blinking for 97 gold pieces
 20722 | Lair:1   | Entered Level 1 of the Lair of Beasts
 20791 | Lair:1   | Identified the +10 hand crossbow of Famine {elec, rPois
                  | Int-5 SInv Stlth-}
 21367 | Lair:2   | Found a hole to the Spider Nest.
 21524 | Lair:2   | Reached skill level 17 in Axes
 21607 | Lair:2   | Found a staircase to the Swamp.
 22103 | Lair:3   | Reached skill level 5 in Shields
 22209 | Lair:3   | Reached XP level 15. HP: 147/147 MP: 14/14
 22230 | Lair:3   | Found a frozen archway.
 22253 | IceCv    | Entered an ice cave
 22425 | IceCv    | Received a gift from Trog
 22505 | IceCv    | Reached ****** piety under Trog
 22781 | IceCv    | Reached skill level 18 in Axes
 22809 | IceCv    | Noticed a frost giant
 22819 | IceCv    | Killed a frost giant
 22881 | IceCv    | Identified the +0 pair of boots "Bijamid" {rC+ Dex+3
                  | Stlth-}
 23200 | Lair:3   | Noticed hemabe71's ghost (journeyman HuAr)
 23205 | Lair:3   | Identified the +3 spear "Soabb" {antimagic, Dex+4}
 23218 | Lair:3   | Identified the +11 trident "Fufo Fawk" {flame, *Rage +Blink
                  | Will+}
 23256 | Lair:3   | Found a transporter.
 23258 | Lair:3   | Found a transporter.
 23264 | Lair:3   | Found a bloodstained altar of Trog.
 23796 | Lair:4   | You fall into a shaft and drop 1 floor!
 23818 | Lair:5   | Reached skill level 10 in Shields
 23870 | Lair:5   | Received a gift from Trog
 24895 | Lair:6   | Entered Level 6 of the Lair of Beasts
 25091 | Lair:4   | Identified a scroll of acquirement
 25094 | Lair:4   | Acquired a manual of Shields
 25337 | Lair:4   | Received a gift from Trog
 25350 | Lair:4   | Found a runed translucent gate.
 25350 | Lair:4   | Found a runed translucent gate.
 25350 | Lair:4   | Found a runed translucent gate.
 25350 | Lair:4   | Noticed Qungiab's ghost (journeyman DsVM)
 25378 | Lair:4   | Killed Qungiab's ghost
 25966 | Lair:5   | Reached XP level 16. HP: 107/156 MP: 15/15
 26234 | Lair:6   | Reached skill level 15 in Shields
 26309 | Lair:6   | HP: 9/234 [11-headed hydra (6)]
 26309 | Lair:6   | HP: 4/234 [11-headed hydra (5)]
 26309 | Lair:6   | Mangled by an 11-headed hydra

Illustrated notes

Levels and vault maps discovered:
D:1:      mrwooster_arrival_statue_3, layout_rooms, serial_park_tiny_1
D:2:      layout_basic, marbit_many_paths, uniq_terence
D:3:      layout_loops_ring, uniq_ijyb, uniq_grinder
D:4:      layout_loops_ring, overflow_temple_1_default,
          nicolae_hepliaklqana_hazy_memory, minmay_temple_entry_enclosed_plants,
          uniq_duvessa
D:5:      layout_basic, serial_shops, shop, uniq_crazy_yiuf_cottage,
          uniq_blork_the_orc
D:6:      layout_gridville, kennysheep_mini_moat,
          gammafunk_temple_overflow_arena, ebering_ghost_xom,
          grunt_ministairs_5, nicolae_tso_besieged_by_evil, uniq_maggie,
          uniq_edmund
D:7:      layout_basic, lemuel_round_altar, basic_altar, fedhas_ov_isle_minmay
D:8:      layout_cave_pools, kennysheep_mini, lemuel_round_altar,
          serial_co_window_serial, co_window_paths_b, co_window_corner_a,
          co_window_paths_a, co_window_paths_a, co_window_of_opportunity_a,
          co_window_corner_a, co_window_paths_a, co_window_corner_b,
          co_window_unsneaky_path_c, co_window_2corner,
          co_window_unsneaky_path_e, co_window_corner_ca, co_window_4corner_b,
          co_window_paths_d, glass_columns_a, glass_columns_c
D:9:      layout_rooms
D:10:     layout_roguey, minmay_orc_entry_guard_dogs, elyvilon_altar_3,
          uniq_fannar
D:11:     layout_basic, dpeg_oklobed_lair, enter_bailey_5
D:12:     layout_roguey
D:13:     layout_loops_cross
D:14:     layout_cave_pods, david_vaults_4, nicolae_wwwww,
          gauntlet_entry_generic
D:15:     grunt_enter_depths_snipers, layout_irregular_city, serial_shops, shop,
          chequers_serial_rivers_micro_b, einodemon_crawler_minivault,
          uniq_agnes, uniq_louise, uniq_kirke
Lair:1:   layout_misc_corridors, minivault_19, columned_hall_lemuel,
          serial_bayou_shore_a
Lair:2:   layout_roguey, swamp_mist_pool, spider_nest_entry_a,
          beast_lair_carwin_4
Lair:3:   layout_cave_pods, portal_ice_cave_entry_ice_beasts,
          gammafunk_ghost_wrathful_warriors, infiniplex_staircase_pool
Lair:4:   layout_regular_city, ebering_ghost_rock_garden
Lair:5:   nzn_winding_woodlands_three_and_one [nzn_winding_woodlands_5x15_eye,
          nzn_winding_woodlands_5x15_crooked,
          nzn_winding_woodlands_5x15_default,
          nzn_winding_woodlands_center_lodge], layout_layer_cave
Lair:6:   cheibrodos_lair_end_hotspot, layout_cave_pods,
          minmay_slime_entry_oklob_open, chequers_serial_rivers_micro_c,
          minivault_29

Skill      XL: |  1  2  3  4  5  6  7  8  9 10 11 12 13 14 15 16 |
---------------+-------------------------------------------------+-----
Axes           | 4 5 7 8 10 12 14 16 17 18 | 18.0
Fighting       | 4 5 6 7 9 10 12 14 16 17 | 17.6
Armour         | 3 4 5 6 7 9 10 11 14 16 17 | 17.4
Shields        | 5 13 15 | 15.4
Dodging        | |  2.1

Action                   |  1- 3 |  4- 6 |  7- 9 | 10-12 | 13-15 | 16-18 || total
-------------------------+-------+-------+-------+-------+-------+-------++-------
Melee: Hand axe          |    37 |   163 |   356 |   917 |   833 |       ||  2306
       Headbutt          |     7 |    11 |    75 |   221 |   328 |    38 ||   680
       Whip              |       |       |       |       |     7 |       ||     7
       Broad axe         |       |       |       |       |   272 |   118 ||   390
Invok: Berserk           |     1 |     4 |     7 |     4 |     8 |     2 ||    26
       Trog's Hand       |       |     1 |     2 |     3 |     1 |       ||     7
       Brothers in Arms  |       |       |       |     9 |     4 |       ||    13
Evoke: Wand              |       |       |       |       |    34 |       ||    34
  Use: Potion            |       |     3 |       |       |     1 |       ||     4
       Scroll            |       |       |    11 |    16 |    19 |       ||    46
Armor: Ring mail         |     6 |       |       |       |       |       ||     6
       Chain mail        |     8 |    84 |   119 |   163 |       |       ||   374
       Skin              |       |    21 |       |       |       |       ||    21
       Crystal plate arm |       |       |       |   336 |   846 |    67 ||  1249
Dodge: Dodged            |    21 |    57 |   210 |   423 |   296 |    35 ||  1042
       Repelled          |       |       |     2 |     6 |     2 |       ||    10
Block: Tower shield      |       |       |       |       |   765 |   158 ||   923

Table legend: (Time is in decaauts)
 A = Elapsed time spent in this place.
 B = Non-inter-level travel time spent in this place.
 C = Inter-level travel time spent in this place.
 D = Time resting spent in this place.
 E = Time spent auto-exploring this place.
 F = Levels seen in this place.
 G = Mean time per level.
                   A        B        C        D        E       F      G
               +--------+--------+--------+--------+--------+-----+--------+
         Total |  25979 |  25090 |    889 |   5760 |  14670 |  25 | 1039.2 |
       Dungeon |  18357 |  17623 |    734 |   4771 |  10110 |  15 | 1223.8 |
          Lair |   4728 |   4573 |    155 |    168 |   3450 |   6 |  788.0 |
         Abyss |    282 |    282 |      0 |     48 |     10 |   1 |  282.0 |
        Bailey |    779 |    779 |      0 |    172 |    216 |   1 |  779.0 |
      Ice Cave |    904 |    904 |      0 |    160 |    509 |   1 |  904.0 |
      Gauntlet |    926 |    926 |      0 |    439 |    375 |   1 |  926.0 |
               +--------+--------+--------+--------+--------+-----+--------+

Top non-repeatable levels by time:
    D:14: 2008 daAuts
    D:15: 1948 daAuts
    D:12: 1570 daAuts
     D:3: 1352 daAuts
    D:13: 1326 daAuts
     D:7: 1296 daAuts
  Lair:5: 1293 daAuts
     D:8: 1281 daAuts
     D:2: 1206 daAuts
     D:4: 1103 daAuts
     D:6: 1099 daAuts
    D:10: 991 daAuts
    D:11: 935 daAuts
Gauntlet: 926 daAuts
  Lair:4: 909 daAuts
